 Dungeon Crawl Stone Soup version 0.30.1-11-g7821555f0a (webtiles) character file.

Game seed: 2705453993641526202

93 Martska the Trooper (level 4, 0/40 HPs)
             Began as a Draconian Fighter on Dec 10, 2023.
             Slain by an orc
             ... wielding a +0 flail
              (6 damage)
             ... on level 3 of the Dungeon.
             The game lasted 00:02:39 (1234 turns).

Martska the Trooper (Draconian Fighter)             Turns: 1234, Time: 00:02:40

Health: 0/40       AC:  6    Str: 27    XL:     4   Next: 37%
Magic:  4/4        EV: 12    Int:  8    God:
Gold:   144        SH:  9    Dex: 10    Spells: 3/3 levels left

rFire   . . .        a - +0 trident
rCold   . . .        b - +0 buckler
rNeg    . . .        (body armour unavailable)
rPois   .            (helmet restricted)
rElec   .            (no cloak)
rCorr   .            (no gloves)
SInv    .            e - +0 pair of boots
Will    .....        l - amulet of reflection
Stlth   +            g - +6 ring of strength
HPRegen 0.26/turn    (no ring)
MPRegen 0.09/turn

%: reflection
@: mighty, slowed, very slow
A: AC +5, unfitting armour, cold-blooded
a: no special abilities


You were on level 3 of the Dungeon.
You visited 1 branch of the dungeon, and saw 3 of its levels.

You collected 144 gold pieces.

Inventory:

Hand Weapons
 a - a +0 trident (weapon)
 h - a +0 dagger of draining
Missiles
 i - a throwing net (quivered)
Armour
 b - a +0 buckler (worn)
 e - a +0 pair of boots (worn)
Jewellery
 g - a +6 ring of strength (left hand)
 l - an amulet of reflection (around neck)
Scrolls
 d - 4 scrolls of identify {unknown}
 m - a scroll of enchant armour {unknown}
 n - a scroll of acquirement {unknown}
 o - a scroll of vulnerability {unknown}
Potions
 f - a potion of degeneration {unknown}
 j - a potion of haste {unknown}
 k - 2 potions of invisibility {unknown}


   Skills:
 * Level 4.2 Fighting
 + Level 2.6 Polearms
 * Level 3.5 Dodging
 + Level 3.4 Shields


You had 3 spell levels left.
You didn't know any spells.
Your spell library was empty.

Dungeon Overview and Level Annotations

Branches:
Dungeon (3/15)

Altars:
Wu Jian
The Shining One


Innate Abilities, Weirdness & Mutations

Your plain brown scales are hard. (AC +5)
You cannot fit into any form of body armour.
You are cold-blooded and may be slowed by cold attacks.


Message History

You are too injured to fight recklessly!
You are too injured to fight recklessly!
You are too injured to fight recklessly!
You are too injured to fight recklessly!
You are too injured to fight recklessly!
You are too injured to fight recklessly!
You are too injured to fight recklessly!
You are too injured to fight recklessly!
You are too injured to fight recklessly!
You are too injured to fight recklessly!
You are too injured to fight recklessly!
You are too injured to fight recklessly!
You are too injured to fight recklessly!
You are too injured to fight recklessly!
You are too injured to fight recklessly!
You are too injured to fight recklessly!
You hit the orc.
The orc is moderately wounded.
The orc hits you but does no damage. You block the orc's attack.
The orc hits you with a +1 hand axe of freezing.
You feel as though you will be slow longer.
The orc freezes you.
The orc hits you with a +1 hand axe of freezing.
* * * LOW HITPOINT WARNING * * *
You feel as though you will be slow longer.
The orc freezes you.
* * * LOW HITPOINT WARNING * * *
The orc closely misses you. The orc hits you but does no damage.
You feel very mighty all of a sudden. You block the orc's attack.
The orc hits you but does no damage. x2
You impale the orc!!
You kill the orc!
The orc barely misses you. The orc misses you.
The orc hits you with a +0 hand axe.
* * * LOW HITPOINT WARNING * * *
You block the orc's attack.
You barely miss the orc. You tail-slap the orc.
You kill the orc!
The orc hits you with a +0 flail.
You die...

#.#.. ###.... #..... .
#.... .. #... ... #..
.............##)####
...........(.#o@)#.####
.....................#.##
.............###........##
#. .........####.........#
.####...##..##.....†....##
...##..## #.##.##........##
.)......###.##.#..........#
##.###...#.....#.........##
.#.# #.#..................#


You could see an orc.

Vanquished Creatures
  2 gnolls (D:2)
  An adder (D:2)
  A dart slug (D:2)
  4 orcs (D:3)
  5 ball pythons
  7 bats
  7 endoplasms
  3 giant cockroaches
  4 hobgoblins
  2 jackals (D:1)
  3 quokkas
  2 frilled lizards (D:1)
  5 goblins
  7 kobolds
  3 rats
56 creatures vanquished.

Notes
Turn   | Place    | Note
-------+----------+-------------------------------------------
     0 | D:1      | Martska the Draconian Fighter began the quest for the Orb.
     0 | D:1      | Reached XP level 1. HP: 19/19 MP: 1/1
   126 | D:1      | Reached XP level 2. HP: 26/26 MP: 2/2
   522 | D:1      | Reached XP level 3. HP: 29/33 MP: 3/3
   707 | D:1      | Found a faded altar of an unknown god.
   865 | D:2      | Found a glowing golden altar of the Shining One.
   876 | D:2      | Reached skill level 4 in Fighting
   890 | D:2      | Reached XP level 4. HP: 35/40 MP: 4/4
  1053 | D:2      | You fall into a shaft and drop 1 floor!
  1132 | D:3      | Found an ornate altar of the Wu Jian Council.
  1234 | D:3      | Slain by an orc

Illustrated notes

Levels and vault maps discovered:
D:1:      scummos_arrival_hexagon, layout_basic, serial_rivers,
          chequers_serial_rivers_small_b, chequers_serial_rivers_micro_e,
          chequers_serial_rivers_marsh, chequers_serial_rivers_micro_b,
          chequers_serial_rivers_room_a, chequers_serial_rivers_micro_c,
          dilly_ecumenical_altar_fadedgnrine, minmay_pentomino_t2
D:2:      wad_woods_stonehenge, layout_basic, interstate_on_off
D:3:      layout_rooms, amcnicky_altar_gilded, nicolae_overflow_hidden_temple,
          serial_shops, nicolae_shop_rolled_up, minivault_23,
          nicolae_figureground_sparkle

Skill      XL: |  1  2  3 |
---------------+----------+-----
Dodging        | 3 |  3.5
Fighting       | 4 |  4.2
Polearms       | |  2.6
Shields        | |  3.4

Action                     |  1- 3 |  4- 6 || total
---------------------------+-------+-------++-------
  Melee: Trident           |   104 |    65 ||   169
         Tailslap          |     5 |     5 ||    10
    Use: Potion            |       |     1 ||     1
   Stab: Sleeping          |     1 |     1 ||     2
 Armour: Skin              |    34 |    23 ||    57
  Dodge: Dodged            |    61 |    33 ||    94
  Block: Buckler           |    18 |    30 ||    48
         Reflection        |       |     3 ||     3
